Wild vs Ducks

Created - April 16 2011 at 12:48

Goals
1 2 3 T
Wild 1 1 0 2
Ducks 1 1 1 3
Shots
1 2 3 T
Wild 11 6 5 22
Ducks 8 8 7 23

Period #1

1. Wild , Rob Niedermayer 2 (Francis Bouillon, Stephane Yelle) at 11:31 (SH)
2. Ducks , Brandon Dubinsky 2 (Nick Schultz, Jonathan Toews) at 16:07

Penalties :
Alexei Ponikarovsky (MIN) for Hooking (Minor) at 2:54, Nick Schultz (ANA) for Hooking (Minor) at 6:24, Kurtis Foster (ANA) for Hooking (Minor) at 8:30, Erik Cole (MIN) for Diving (Minor) at 10:48, Jonathan Toews (ANA) for High sticking (Minor) at 12:36, David Clarkson (ANA) for Holding (Minor) at 19:06

Period #2

3. Wild , Rob Niedermayer 3 (Erik Cole, Aaron Ward) at 15:00
4. Ducks , Brandon Dubinsky 3 (Bryan Little, Andy McDonald) at 17:53 (PP)

Penalties :
Francis Bouillon (MIN) for Hooking (Minor) at 1:25, Francis Bouillon (MIN) for Hooking (Minor) at 16:48, Michal Rozsival (MIN) for Holding Stick (Minor) at 17:27

Period #3

5. Ducks , Mason Raymond 2 (Andy McDonald, Tom Poti) at 3:54

Penalties :
Dustin Byfuglien (ANA) for Holding Stick (Minor) at 1:25, Michal Rozsival (MIN) for Cross-checking (Minor) at 9:21

Goalie Stats

Ilya Bryzgalov (MIN), 20 saves from 23 shots - (0.870), L, 2-1-0, 59:01 minutes
Jose Theodore (ANA), 20 saves from 22 shots - (0.909), W, 1-0-1, 60:00 minutes

Players Stats

Wild
Player Name              G  A  P  +/- PIM S  H  SB FO    MP 
------------------------------------------------------------
Aaron Ward               0  1  1  -1  0   0  1  1  0/0   17 
Alexei Ponikarovsky      0  0  0   0  2   2  4  0  0/0   18 
Brian Willsie            0  0  0   0  0   0  0  0  0/0   6  
Chris Drury              0  0  0   0  0   1  2  1  10/24 18 
Daniel Alfredsson        0  0  0   0  0   1  0  0  2/3   20 
Erik Cole                0  1  1  -1  2   2  2  0  1/1   12 
Francis Bouillon         0  1  1   0  4   0  2  2  0/0   18 
Joe Pavelski             0  0  0   0  0   2  2  1  8/13  19 
Kim Johnsson             0  0  0   0  0   1  0  0  0/0   15 
Mark Eaton               0  0  0   0  0   1  0  2  0/0   22 
Martin St. Louis         0  0  0   0  0   3  0  0  1/4   20 
Michal Rozsival          0  0  0   1  4   0  1  1  0/0   20 
Milan Hejduk             0  0  0   0  0   3  1  0  0/1   17 
Olli Jokinen             0  0  0   0  0   0  0  0  4/9   10 
Rob Niedermayer          2  0  2   0  0   4  0  0  11/19 17 
Robert Lang              0  0  0   0  0   0  0  0  0/0   0  
Ryan Whitney             0  0  0   0  0   2  0  2  0/0   22 
Stephane Yelle           0  1  1   0  0   0  1  0  0/1   16 
Ducks
Player Name              G  A  P  +/- PIM S  H  SB FO    MP 
------------------------------------------------------------
Andy McDonald            0  2  2   1  0   3  0  0  11/26 22 
Brandon Dubinsky         2  0  2   0  0   4  0  0  0/0   22 
Bryan Little             0  1  1   0  0   2  0  0  0/0   5  
Christian Hanson         0  0  0   0  0   0  0  0  4/8   4  
David Clarkson           0  0  0   0  2   0  4  0  0/0   14 
David Perron             0  0  0   0  0   1  0  0  0/0   13 
Dustin Byfuglien         0  0  0   1  2   0  2  0  0/1   16 
Henrik Tallinder         0  0  0   0  0   0  0  1  0/0   16 
Jakub Voracek            0  0  0  -1  0   0  2  0  1/2   16 
Jonathan Toews           0  1  1  -1  2   3  0  0  11/20 18 
Kurtis Foster            0  0  0   0  2   1  0  0  0/0   18 
Manny Malhotra           0  0  0   0  0   1  1  0  8/13  16 
Marc-Edouard Vlasic      0  0  0   0  0   1  1  2  0/0   18 
Mason Raymond            1  0  1   0  0   2  0  0  2/3   21 
Nick Schultz             0  1  1  -1  2   0  0  0  0/0   19 
Richard Park             0  0  0   0  0   0  0  0  1/2   5  
Rob Scuderi              0  0  0   0  0   1  0  2  0/0   24 
Tom Poti                 0  1  1   1  0   4  0  1  0/0   25 

3 Stars

1 - Rob Niedermayer (MIN)
2 - Brandon Dubinsky (ANA)
3 - Andy McDonald (ANA)

Power Play

Wild - 0 on 5 Attempt(s) - 0.00%
Ducks - 1 on 6 Attempt(s) - 16.67%

Penalty Kill

Wild - 5 on 6 Attempt(s) - 83.33% - Score 1 goal in Penalty Kill
Ducks - 5 on 5 Attempt(s) - 100.00% - Score 0 goal in Penalty Kill

Game Notes

No Game Note

Finance

Level 1 -- Attendance: 6003 (92.35%) -- Ticket Income $600,300.00
Level 2 -- Attendance: 4462 (89.24%) -- Ticket Income $267,720.00
Level 3 -- Attendance: 3500 (100.00%) -- Ticket Income $122,500.00
Level 4 -- Attendance: 1174 (100.00%) -- Ticket Income $23,480.00
Luxury Box -- Attendance: 964 (96.40%) -- Ticket Income $192,800.00
Game was played at the Honda Center
Total Attendance: 16103 (93.76%)
Total Ticket Income: $1,295,005.00
Other Income: $388,501.46
Total Income: $1,683,506.00


Play by Play

Period #1

0:01 of 1st period - Chris Drury wins face-off versus Andy McDonald in neutral zone.
0:22 of 1st period - Shot by Andy McDonald.
0:22 of 1st period - Stopped by Ilya Bryzgalov with a rebound.
1:16 of 1st period - Brandon Dubinsky is hit by Michal Rozsival and loses puck.
1:48 of 1st period - Joe Pavelski is hit by Manny Malhotra.
2:00 of 1st period - Shot by Rob Niedermayer.
2:00 of 1st period - Shot Misses the Net.
2:04 of 1st period - Shot by Erik Cole.
2:04 of 1st period - Shot Misses the Net.
2:28 of 1st period - Off-side.
2:29 of 1st period - Chris Drury wins face-off versus Andy McDonald in neutral zone.
2:32 of 1st period - Shot by Daniel Alfredsson.
2:32 of 1st period - Stopped by Jose Theodore without a rebound.
2:33 of 1st period - Mason Raymond wins face-off versus Chris Drury in Ducks zone.
2:33 of 1st period - Mason Raymond is hit by Alexei Ponikarovsky.
2:54 of 1st period - Minor Penalty to Alexei Ponikarovsky for Hooking.
2:55 of 1st period - Chris Drury wins face-off versus Andy McDonald in Wild zone.
3:14 of 1st period - Shot by Tom Poti.
3:14 of 1st period - Shot Misses the Net.
3:16 of 1st period - Shot by Tom Poti.
3:16 of 1st period - Stopped by Ilya Bryzgalov without a rebound.
3:17 of 1st period - Jonathan Toews wins face-off versus Chris Drury in Wild zone.
4:07 of 1st period - Shot by Bryan Little.
4:07 of 1st period - Stopped by Ilya Bryzgalov without a rebound.
4:08 of 1st period - Chris Drury wins face-off versus Andy McDonald in Wild zone.
5:01 of 1st period - Shot by Joe Pavelski.
5:01 of 1st period - Shot Misses the Net.
5:03 of 1st period - Shot by Joe Pavelski.
5:03 of 1st period - Stopped by Jose Theodore with a rebound.
5:05 of 1st period - Shot by Martin St. Louis.
5:05 of 1st period - Stopped by Jose Theodore with a rebound.
5:18 of 1st period - Icing by Marc-Edouard Vlasic.
5:19 of 1st period - Manny Malhotra wins face-off versus Joe Pavelski in Ducks zone.
5:19 of 1st period - Manny Malhotra is hit by Milan Hejduk.
6:08 of 1st period - Off-side.
6:09 of 1st period - Chris Drury wins face-off versus Jonathan Toews in neutral zone.
6:09 of 1st period - Chris Drury is hit by David Clarkson.
6:24 of 1st period - Minor Penalty to Nick Schultz for Hooking.
6:25 of 1st period - Olli Jokinen wins face-off versus Christian Hanson in Ducks zone.
7:51 of 1st period - Icing by Daniel Alfredsson.
7:52 of 1st period - Christian Hanson wins face-off versus Olli Jokinen in Wild zone.
8:05 of 1st period - Shot by Tom Poti.
8:05 of 1st period - Stopped by Ilya Bryzgalov with a rebound.
8:30 of 1st period - Minor Penalty to Kurtis Foster for Hooking.
8:31 of 1st period - Manny Malhotra wins face-off versus Joe Pavelski in Ducks zone.
8:58 of 1st period - Shot by Martin St. Louis.
8:58 of 1st period - Shot Misses the Net.
9:00 of 1st period - Shot by Joe Pavelski.
9:00 of 1st period - Stopped by Jose Theodore without a rebound.
9:01 of 1st period - Daniel Alfredsson wins face-off versus Richard Park in Ducks zone.
9:08 of 1st period - Shot by Daniel Alfredsson.
9:08 of 1st period - Shot Blocked by Rob Scuderi.
9:12 of 1st period - Shot by Alexei Ponikarovsky.
9:12 of 1st period - Stopped by Jose Theodore without a rebound.
9:13 of 1st period - Chris Drury wins face-off versus Manny Malhotra in Ducks zone.
9:23 of 1st period - Shot by Ryan Whitney.
9:23 of 1st period - Shot Blocked by Henrik Tallinder.
9:25 of 1st period - Shot by Ryan Whitney.
9:25 of 1st period - Stopped by Jose Theodore without a rebound.
9:26 of 1st period - Richard Park wins face-off versus Olli Jokinen in Ducks zone.
9:26 of 1st period - Richard Park is hit by Alexei Ponikarovsky.
10:20 of 1st period - Shot by Martin St. Louis.
10:20 of 1st period - Stopped by Jose Theodore without a rebound.
10:21 of 1st period - Erik Cole wins face-off versus Christian Hanson in Ducks zone.
10:22 of 1st period - Shot by Ryan Whitney.
10:22 of 1st period - Stopped by Jose Theodore without a rebound.
10:23 of 1st period - Joe Pavelski wins face-off versus Manny Malhotra in Ducks zone.
10:26 of 1st period - Shot by Martin St. Louis.
10:26 of 1st period - Stopped by Jose Theodore without a rebound.
10:27 of 1st period - Christian Hanson wins face-off versus Martin St. Louis in Ducks zone.
10:37 of 1st period - Off-side.
10:38 of 1st period - Rob Niedermayer wins face-off versus Andy McDonald in neutral zone.
10:45 of 1st period - Shot by Erik Cole.
10:45 of 1st period - Stopped by Jose Theodore without a rebound.
10:46 of 1st period - Jonathan Toews wins face-off versus Rob Niedermayer in Ducks zone.
10:48 of 1st period - Minor Penalty to Erik Cole for Diving.
10:49 of 1st period - Jonathan Toews wins face-off versus Rob Niedermayer in Wild zone.
11:31 of 1st period - Shot by Rob Niedermayer.
11:31 of 1st period - Goal by Rob Niedermayer - Wild : 1 - Ducks : 0.
11:32 of 1st period - Andy McDonald wins face-off versus Rob Niedermayer in neutral zone.
11:37 of 1st period - Shot by Andy McDonald.
11:37 of 1st period - Shot Misses the Net.
11:39 of 1st period - Shot by Tom Poti.
11:39 of 1st period - Shot Blocked by Francis Bouillon.
11:41 of 1st period - Shot by Tom Poti.
11:41 of 1st period - Shot Blocked by Francis Bouillon.
11:43 of 1st period - Shot by Bryan Little.
11:43 of 1st period - Stopped by Ilya Bryzgalov with a rebound.
11:45 of 1st period - Shot by Tom Poti.
11:45 of 1st period - Stopped by Ilya Bryzgalov without a rebound.
11:46 of 1st period - Andy McDonald wins face-off versus Chris Drury in Wild zone.
11:47 of 1st period - Shot by Brandon Dubinsky.
11:47 of 1st period - Shot Misses the Net.
11:59 of 1st period - Shot by Brandon Dubinsky.
11:59 of 1st period - Stopped by Ilya Bryzgalov without a rebound.
12:00 of 1st period - Rob Niedermayer wins face-off versus Andy McDonald in Wild zone.
12:14 of 1st period - Andy McDonald is hit by Francis Bouillon and loses puck.
12:27 of 1st period - Shot by Kurtis Foster.
12:27 of 1st period - Shot Blocked by Mark Eaton.
12:29 of 1st period - Shot by Bryan Little.
12:29 of 1st period - Shot Misses the Net.
12:36 of 1st period - Minor Penalty to Jonathan Toews for High sticking.
12:37 of 1st period - Chris Drury wins face-off versus Jakub Voracek in Ducks zone.
14:49 of 1st period - Off-side.
14:50 of 1st period - Andy McDonald wins face-off versus Rob Niedermayer in neutral zone.
15:04 of 1st period - Icing by Aaron Ward.
15:05 of 1st period - Jakub Voracek wins face-off versus Rob Niedermayer in Wild zone.
15:48 of 1st period - Stephane Yelle is hit by David Clarkson and loses puck.
16:01 of 1st period - Shot by Jonathan Toews.
16:01 of 1st period - Deflect By Brandon Dubinsky.
16:01 of 1st period - Shot Misses the Net.
16:03 of 1st period - Shot by Jonathan Toews.
16:03 of 1st period - Shot Misses the Net.
16:07 of 1st period - Shot by Brandon Dubinsky.
16:07 of 1st period - Goal by Brandon Dubinsky - Wild : 1 - Ducks : 1.
16:08 of 1st period - Joe Pavelski wins face-off versus Dustin Byfuglien in neutral zone.
16:46 of 1st period - Shot by Milan Hejduk.
16:46 of 1st period - Shot Misses the Net.
16:49 of 1st period - Icing by Rob Scuderi.
16:50 of 1st period - Chris Drury wins face-off versus Andy McDonald in Ducks zone.
17:31 of 1st period - Henrik Tallinder is hit by Alexei Ponikarovsky.
17:37 of 1st period - Henrik Tallinder is hit by Chris Drury and loses puck.
19:06 of 1st period - Minor Penalty to David Clarkson for Holding.
19:07 of 1st period - Christian Hanson wins face-off versus Olli Jokinen in Ducks zone.
19:13 of 1st period - Icing by Mark Eaton.
19:14 of 1st period - Olli Jokinen wins face-off versus Christian Hanson in Wild zone.

Period #2

0:01 of 2nd period - Joe Pavelski wins face-off versus Manny Malhotra in neutral zone.
0:03 of 2nd period - Off-side.
0:04 of 2nd period - Christian Hanson wins face-off versus Olli Jokinen in neutral zone.
0:34 of 2nd period - Shot by Olli Jokinen.
0:34 of 2nd period - Shot Blocked by Marc-Edouard Vlasic.
1:25 of 2nd period - Minor Penalty to Francis Bouillon for Hooking.
1:26 of 2nd period - Chris Drury wins face-off versus Jonathan Toews in Wild zone.
1:39 of 2nd period - Shot by Mason Raymond.
1:39 of 2nd period - Shot Hit the Post.
1:41 of 2nd period - Shot by Rob Scuderi.
1:41 of 2nd period - Deflect By Mason Raymond.
1:41 of 2nd period - Shot Blocked by Ryan Whitney.
1:43 of 2nd period - Shot by Mason Raymond.
1:43 of 2nd period - Deflect By Jonathan Toews.
1:43 of 2nd period - Stopped by Ilya Bryzgalov without a rebound.
1:44 of 2nd period - Andy McDonald wins face-off versus Chris Drury in Wild zone.
2:03 of 2nd period - Shot by Brandon Dubinsky.
2:03 of 2nd period - Stopped by Ilya Bryzgalov without a rebound.
2:04 of 2nd period - Jonathan Toews wins face-off versus Chris Drury in Wild zone.
2:55 of 2nd period - Shot by Kurtis Foster.
2:55 of 2nd period - Stopped by Ilya Bryzgalov without a rebound.
2:56 of 2nd period - Andy McDonald wins face-off versus Chris Drury in Wild zone.
2:59 of 2nd period - Shot by Tom Poti.
2:59 of 2nd period - Shot Blocked by Chris Drury.
3:10 of 2nd period - Off-side.
3:11 of 2nd period - Rob Niedermayer wins face-off versus Andy McDonald in neutral zone.
6:01 of 2nd period - Shot by Marc-Edouard Vlasic.
6:01 of 2nd period - Stopped by Ilya Bryzgalov with a rebound.
6:13 of 2nd period - Icing by Rob Scuderi.
6:14 of 2nd period - Rob Niedermayer wins face-off versus Andy McDonald in Ducks zone.
6:36 of 2nd period - Andy McDonald is hit by Aaron Ward and loses puck.
7:33 of 2nd period - Shot by Jonathan Toews.
7:33 of 2nd period - Shot Misses the Net.
7:35 of 2nd period - Shot by Jonathan Toews.
7:35 of 2nd period - Shot Misses the Net.
8:01 of 2nd period - Jonathan Toews is hit by Stephane Yelle.
8:29 of 2nd period - Shot by David Perron.
8:29 of 2nd period - Deflect By Jakub Voracek.
8:29 of 2nd period - Shot Misses the Net.
10:33 of 2nd period - Shot by Alexei Ponikarovsky.
10:33 of 2nd period - Stopped by Jose Theodore without a rebound.
10:34 of 2nd period - Andy McDonald wins face-off versus Chris Drury in Ducks zone.
10:34 of 2nd period - Andy McDonald is hit by Alexei Ponikarovsky.
10:58 of 2nd period - Shot by Mason Raymond.
10:58 of 2nd period - Stopped by Ilya Bryzgalov without a rebound.
10:59 of 2nd period - Olli Jokinen wins face-off versus Manny Malhotra in Wild zone.
11:05 of 2nd period - Icing by Milan Hejduk.
11:06 of 2nd period - Manny Malhotra wins face-off versus Milan Hejduk in Wild zone.
11:58 of 2nd period - Shot by Andy McDonald.
11:58 of 2nd period - Stopped by Ilya Bryzgalov without a rebound.
11:59 of 2nd period - Jonathan Toews wins face-off versus Chris Drury in Wild zone.
12:25 of 2nd period - Mark Eaton is hit by David Clarkson and loses puck.
13:14 of 2nd period - Icing by Francis Bouillon.
13:15 of 2nd period - Manny Malhotra wins face-off versus Chris Drury in Wild zone.
13:36 of 2nd period - Shot by Milan Hejduk.
13:36 of 2nd period - Stopped by Jose Theodore without a rebound.
13:37 of 2nd period - Rob Niedermayer wins face-off versus Andy McDonald in Ducks zone.
13:42 of 2nd period - Shot by Kim Johnsson.
13:42 of 2nd period - Stopped by Jose Theodore with a rebound.
13:44 of 2nd period - Shot by Stephane Yelle.
13:44 of 2nd period - Shot Misses the Net.
13:48 of 2nd period - Shot by Rob Niedermayer.
13:48 of 2nd period - Stopped by Jose Theodore without a rebound.
13:49 of 2nd period - Manny Malhotra wins face-off versus Joe Pavelski in Ducks zone.
14:01 of 2nd period - Shot by Jakub Voracek.
14:01 of 2nd period - Shot Misses the Net.
14:36 of 2nd period - Icing by Milan Hejduk.
14:37 of 2nd period - Mason Raymond wins face-off versus Joe Pavelski in Wild zone.
14:38 of 2nd period - Shot by Tom Poti.
14:38 of 2nd period - Stopped by Ilya Bryzgalov without a rebound.
14:39 of 2nd period - Andy McDonald wins face-off versus Rob Niedermayer in Wild zone.
14:52 of 2nd period - Shot by Kim Johnsson.
14:52 of 2nd period - Deflect By Erik Cole.
14:52 of 2nd period - Stopped by Jose Theodore without a rebound.
14:53 of 2nd period - Rob Niedermayer wins face-off versus Jonathan Toews in Ducks zone.
14:58 of 2nd period - Shot by Erik Cole.
14:58 of 2nd period - Shot Misses the Net.
15:00 of 2nd period - Shot by Rob Niedermayer.
15:00 of 2nd period - Goal by Rob Niedermayer - Wild : 2 - Ducks : 1.
15:01 of 2nd period - Rob Niedermayer wins face-off versus Andy McDonald in neutral zone.
15:18 of 2nd period - Rob Niedermayer is hit by Dustin Byfuglien and loses puck.
15:26 of 2nd period - Icing by Rob Niedermayer.
15:27 of 2nd period - Jonathan Toews wins face-off versus Rob Niedermayer in Wild zone.
15:43 of 2nd period - Icing by Nick Schultz.
15:44 of 2nd period - Jonathan Toews wins face-off versus Joe Pavelski in Ducks zone.
15:49 of 2nd period - Martin St. Louis is hit by David Clarkson and loses puck.
16:48 of 2nd period - Minor Penalty to Francis Bouillon for Hooking.
16:49 of 2nd period - Andy McDonald wins face-off versus Chris Drury in Wild zone.
16:54 of 2nd period - Shot by Andy McDonald.
16:54 of 2nd period - Shot Blocked by Aaron Ward.
16:58 of 2nd period - Shot by Mason Raymond.
16:58 of 2nd period - Shot Misses the Net.
17:00 of 2nd period - Shot by Mason Raymond.
17:00 of 2nd period - Shot Blocked by Mark Eaton.
17:02 of 2nd period - Shot by Tom Poti.
17:02 of 2nd period - Shot Misses the Net.
17:27 of 2nd period - Minor Penalty to Michal Rozsival for Holding Stick.
17:28 of 2nd period - Andy McDonald wins face-off versus Rob Niedermayer in Wild zone.
17:53 of 2nd period - Shot by Brandon Dubinsky.
17:53 of 2nd period - Goal by Brandon Dubinsky - Wild : 2 - Ducks : 2.
17:54 of 2nd period - Rob Niedermayer wins face-off versus Jonathan Toews in neutral zone.
18:00 of 2nd period - Icing by Rob Scuderi.
18:01 of 2nd period - Jonathan Toews wins face-off versus Stephane Yelle in Ducks zone.
18:06 of 2nd period - Rob Niedermayer is hit by Jakub Voracek and loses puck.
18:23 of 2nd period - Shot by Rob Scuderi.
18:23 of 2nd period - Shot Blocked by Ryan Whitney.
19:44 of 2nd period - Off-side.
19:45 of 2nd period - Manny Malhotra wins face-off versus Daniel Alfredsson in neutral zone.
19:51 of 2nd period - Kurtis Foster is hit by Joe Pavelski.

Period #3

0:01 of 3rd period - Andy McDonald wins face-off versus Chris Drury in neutral zone.
0:25 of 3rd period - Shot by Chris Drury.
0:25 of 3rd period - Stopped by Jose Theodore with a rebound.
0:27 of 3rd period - Shot by Mark Eaton.
0:27 of 3rd period - Stopped by Jose Theodore without a rebound.
0:28 of 3rd period - Jonathan Toews wins face-off versus Martin St. Louis in Ducks zone.
0:28 of 3rd period - Jonathan Toews is hit by Joe Pavelski.
1:23 of 3rd period - Icing by Ryan Whitney.
1:24 of 3rd period - Martin St. Louis wins face-off versus Mason Raymond in Wild zone.
1:24 of 3rd period - Martin St. Louis is hit by Dustin Byfuglien.
1:25 of 3rd period - Minor Penalty to Dustin Byfuglien for Holding Stick.
1:26 of 3rd period - Olli Jokinen wins face-off versus Christian Hanson in Ducks zone.
1:31 of 3rd period - Shot by Mark Eaton.
1:31 of 3rd period - Shot Misses the Net.
1:33 of 3rd period - Shot by Kim Johnsson.
1:33 of 3rd period - Shot Blocked by Tom Poti.
1:37 of 3rd period - Shot by Daniel Alfredsson.
1:37 of 3rd period - Shot Misses the Net.
1:46 of 3rd period - Icing by Alexei Ponikarovsky.
1:47 of 3rd period - Manny Malhotra wins face-off versus Olli Jokinen in Wild zone.
3:54 of 3rd period - Shot by Mason Raymond.
3:54 of 3rd period - Goal by Mason Raymond - Wild : 2 - Ducks : 3.
3:55 of 3rd period - Jonathan Toews wins face-off versus Martin St. Louis in neutral zone.
3:58 of 3rd period - Shot by Jonathan Toews.
3:58 of 3rd period - Stopped by Ilya Bryzgalov without a rebound.
3:59 of 3rd period - Joe Pavelski wins face-off versus Jonathan Toews in Wild zone.
5:48 of 3rd period - Shot by Tom Poti.
5:48 of 3rd period - Shot Misses the Net.
7:26 of 3rd period - Shot by Mason Raymond.
7:26 of 3rd period - Shot Misses the Net.
7:30 of 3rd period - Shot by Andy McDonald.
7:30 of 3rd period - Shot Blocked by Michal Rozsival.
7:32 of 3rd period - Shot by Rob Scuderi.
7:32 of 3rd period - Stopped by Ilya Bryzgalov without a rebound.
7:33 of 3rd period - Manny Malhotra wins face-off versus Chris Drury in Wild zone.
7:40 of 3rd period - Shot by David Perron.
7:40 of 3rd period - Shot Misses the Net.
7:44 of 3rd period - Shot by Jakub Voracek.
7:44 of 3rd period - Deflect By David Perron.
7:44 of 3rd period - Stopped by Ilya Bryzgalov without a rebound.
7:45 of 3rd period - Rob Niedermayer wins face-off versus Jonathan Toews in Wild zone.
8:00 of 3rd period - Henrik Tallinder is hit by Erik Cole.
8:07 of 3rd period - Brandon Dubinsky is hit by Chris Drury and loses puck.
8:12 of 3rd period - Shot by Jonathan Toews.
8:12 of 3rd period - Stopped by Ilya Bryzgalov without a rebound.
8:13 of 3rd period - Joe Pavelski wins face-off versus Andy McDonald in Wild zone.
8:18 of 3rd period - Shot by Milan Hejduk.
8:18 of 3rd period - Stopped by Jose Theodore without a rebound.
8:19 of 3rd period - Jonathan Toews wins face-off versus Chris Drury in Ducks zone.
9:03 of 3rd period - Icing by Rob Scuderi.
9:04 of 3rd period - Joe Pavelski wins face-off versus Andy McDonald in Ducks zone.
9:07 of 3rd period - Shot by Milan Hejduk.
9:07 of 3rd period - Shot Blocked by Rob Scuderi.
9:21 of 3rd period - Minor Penalty to Michal Rozsival for Cross-checking.
9:22 of 3rd period - Rob Niedermayer wins face-off versus Andy McDonald in Wild zone.
9:45 of 3rd period - Shot by Mason Raymond.
9:45 of 3rd period - Shot Misses the Net.
9:51 of 3rd period - Shot by Nick Schultz.
9:51 of 3rd period - Shot Blocked by Joe Pavelski.
11:05 of 3rd period - Joe Pavelski is hit by Jakub Voracek and loses puck.
12:06 of 3rd period - Shot by Manny Malhotra.
12:06 of 3rd period - Stopped by Ilya Bryzgalov without a rebound.
12:07 of 3rd period - Chris Drury wins face-off versus Jonathan Toews in Wild zone.
12:37 of 3rd period - Jonathan Toews is hit by Francis Bouillon and loses puck.
12:55 of 3rd period - Icing by David Perron.
12:56 of 3rd period - Rob Niedermayer wins face-off versus Manny Malhotra in Ducks zone.
13:31 of 3rd period - Shot by Andy McDonald.
13:31 of 3rd period - Stopped by Ilya Bryzgalov without a rebound.
13:32 of 3rd period - Joe Pavelski wins face-off versus Jonathan Toews in Wild zone.
13:36 of 3rd period - Icing by Joe Pavelski.
13:37 of 3rd period - Joe Pavelski wins face-off versus Andy McDonald in Wild zone.
15:02 of 3rd period - Shot by Erik Cole.
15:02 of 3rd period - Shot Blocked by Marc-Edouard Vlasic.
15:06 of 3rd period - Shot by Rob Niedermayer.
15:06 of 3rd period - Stopped by Jose Theodore without a rebound.
15:07 of 3rd period - Daniel Alfredsson wins face-off versus Jonathan Toews in Ducks zone.
15:07 of 3rd period - Alexei Ponikarovsky is hit by Marc-Edouard Vlasic and loses puck.
16:42 of 3rd period - Shot by Martin St. Louis.
16:42 of 3rd period - Shot Misses the Net.
17:22 of 3rd period - Icing by Rob Scuderi.
17:23 of 3rd period - Andy McDonald wins face-off versus Chris Drury in Ducks zone.
17:23 of 3rd period - Andy McDonald is hit by Erik Cole.
18:53 of 3rd period - Shot by Martin St. Louis.
18:53 of 3rd period - Deflect By Milan Hejduk.
18:53 of 3rd period - Stopped by Jose Theodore with a rebound.
19:01 of 3rd period - Wild, Ilya Bryzgalov is pulled from the net.


Output by the SimonT Hockey Simulator (STHS) for Stephane Roy -- Original Page W3C XHTML 1.0 Valid